 Dungeon Crawl Stone Soup version 0.31.0-32-g396128a36d (webtiles) character file.

Game seed: 16215287097893034959

5499 Peloso the Carver (level 10, -4/88 HPs)
             Began as a Minotaur Fighter on Apr 11, 2024.
             Was an Elder of Okawaru.
             Slain by a death yak (17 damage)
             ... on level 10 of the Dungeon.
             The game lasted 00:20:11 (9074 turns).

Peloso the Carver (Minotaur Fighter)                Turns: 9074, Time: 00:20:12

Health: -4/88      AC: 15    Str: 22    XL:     10   Next: 42%
Magic:  9/9        EV: 10    Int:  5    God:    Okawaru [****..]
Gold:   679        SH: 11    Dex: 13    Spells: 9/9 levels left

rFire   . . .        a - +2 scimitar (flame)
rCold   + . .        d - +0 buckler
rNeg    + . .        g - +4 chain mail "Fyty" {rPois rN+}
rPois   +            (helmet currently unavailable)
rElec   .            (cloak currently unavailable)
rCorr   .            (gloves currently unavailable)
SInv    .            (boots currently unavailable)
Will    +....        v - amulet of reflection Stlth
                     s - ring of flight
HPRegen 0.34/turn    h - ring of willpower
MPRegen 0.11/turn

%: reflection
@: beast-form, flying
A: beast (slay +1), horns 2, retaliatory headbutt, cold resistance 1
a: Begin Untransformation, Renounce Religion, Heroism, Finesse


You were on level 10 of the Dungeon.
You worshipped Okawaru.
Okawaru was greatly pleased with you.
You were a hulking beast.
You visited 1 branch of the dungeon, and saw 10 of its levels.

You collected 679 gold pieces.

Inventory:

Hand Weapons
 a - a +2 scimitar of flaming (weapon)
 b - a +2 dagger of flaming
Missiles
 n - a throwing net (quivered)
Armour
 c - a +0 chain mail
 d - a +0 buckler (worn)
 f - a scarf of invisibility
 g - the +4 chain mail "Fyty" (worn) {rPois rN+}
   (You found it on level 6 of the Dungeon)

   rPois:     It protects you from poison rN+: It protects you from negative
   energy.
 l - a +1 pair of gloves
Jewellery
 h - a ring of willpower (right hand)
 i - a +6 ring of strength
 s - a ring of flight (left hand)
 v - an amulet of reflection (around neck)
Talismans
 j - a beast talisman (active)
Wands
 m - a wand of flame (20)
 o - a wand of roots (2)
Scrolls
 k - 2 scrolls of enchant armour
 q - 2 scrolls of teleportation
 r - 4 scrolls of enchant weapon {unknown}
 t - a scroll of acquirement
 x - a scroll of fog
 y - a scroll of brand weapon {unknown}
 z - a scroll of identify
Potions
 p - 5 potions of mutation
 u - a potion of berserk rage {unknown}
 w - a potion of lignification


   Skills:
 + Level 8.0 Fighting
 + Level 11.3 Long Blades
 + Level 9.5 Armour
 + Level 4.1 Dodging
 + Level 0.7 Stealth
 + Level 7.2 Shields
 + Level 1.1 Invocations
 + Level 3.3 Shapeshifting


You had 9 spell levels left.
You didn't know any spells.
Your spell library contained the following spells:

 Spells                   Type           Power      Damage    Failure   Level
 Ensorcelled Hibernation  Hex/Ice        0%         N/A       99%         2
 Dazzling Flash           Conj/Hex       0%         N/A       100%        3
 Passwall                 Erth           0%         N/A       100%        3
 Swiftness                Air            0%         N/A       100%        3
 Volatile Blastmotes      Fire/Tloc      0%         2d10      100%        3
 Dimensional Bullseye     Hex/Tloc       0%         N/A       100%        4
 Fulminant Prism          Conj/Alch      0%         3d5       100%        4
 Iskenderun's Mystic Bla  Conj/Tloc      0%         2d3       100%        4
 Lee's Rapid Deconstruct  Erth           0%         3d4*      100%        5
 Starburst                Conj/Fire      0%         6d3       100%        6
 Maxwell's Capacitive Co  Air            0%         ∞         100%        8
 Tukima's Dance           Hex            Unusable   N/A       N/A         3
 Animate Armour           Summ/Erth      Unusable   N/A       N/A         4
 Summon Lightning Spire   Summ/Air       Unusable   N/A       N/A         4

Dungeon Overview and Level Annotations

Branches:
Dungeon (10/15)            Temple (0/1) D:4
   Lair: D:8-11         Orc: D:9-12

Altars:
Ashenzari
Dithmenos
Elyvilon
Nemelex Xobeh
Okawaru
Trog
Vehumet

Shops:
D:6 :


Innate Abilities, Weirdness & Mutations

You are a hulking beast.
Your limbs bulge with bestial killing power. (Slay +1)
You have a pair of horns on your head.
You reflexively headbutt those who attack you in melee.
Your flesh is cold resistant. (rC+)


Message History

The death yak is moderately wounded.
You block the death yak's attack.
The hell rat roars deafeningly!
You hit the death yak but do no damage.
The death yak is moderately wounded.
You slash the death yak! You burn the death yak. You headbutt the death yak.
The death yak is heavily wounded.
The death yak gores you!
You hit the death yak but do no damage.
The death yak is heavily wounded.
The death yak gores you!
* * * LOW HITPOINT WARNING * * *
You slash the death yak! You burn the death yak. You headbutt the death yak!
The death yak is severely wounded.
The death yak gores you but does no damage.
You hit the death yak but do no damage.
The death yak is severely wounded.
You block the death yak's attack.
You hit the death yak. You burn the death yak.
You headbutt the death yak, but do no damage.
The death yak is almost dead.
The death yak barely misses you.
Unknown command.
You hit the death yak but do no damage. You headbutt the death yak!
The death yak is almost dead.
You block the death yak's attack.
Unknown command.
You slash the death yak! You burn the death yak.
You kill the death yak!
Okawaru is honoured by your kill.
Your Fighting skill increases to level 8!
Unknown command.
The death yak attacks as it pursues you!
The death yak gores you!!
* * * LOW HITPOINT WARNING * * *
The hell rat twitches its whiskers.
Okay, then.
Okay, then.
You feel better. The death yak gores you!
You die...

#.........##### ###
............... ... ...
..............# #.# #.#
..............# #.# #.#
..............# #.# #.#
.......<......# #.# #.#
..............# #.# #.#
..............#####.#######.###
.######.......hY.Y†r...........
#........r#######.######.
#.........# #.# #.........# #.#
#.........# #.# #.........# #.#
#.........# #.# #.........# #.#
########### ###


You could see 2 death yaks and 2 hell rats.

Vanquished Creatures
  Erica (D:9)
  A death yak (D:10)
  A cyclops (D:9)
  Maggie (D:7)
  2 hornets
  4 wyverns
  A vampire (D:8)
  Eustachio (D:5)
  Edmund (D:5)
  A water moccasin (D:5)
  An orc warrior (D:7)
  A sky beast (D:6)
  A black bear (D:8)
  2 ogres
  A centaur (D:9)
  2 kobold brigands
  A gnoll sergeant (D:9)
  2 scorpions (D:5)
  7 wights
  4 killer bees (D:7)
  A bombardier beetle (D:5)
  2 hounds
  4 orc priests
  A jelly (D:6)
  3 sleepcaps
  8 orc wizards
  8 gnolls
  7 adders
  A shadow imp (D:6)
  2 white imps
  A dart slug (D:3)
  31 orcs
  12 ball pythons
  4 endoplasms
  3 giant cockroaches
  10 goblins
  6 hobgoblins
  4 jackals (D:1)
  20 kobolds
  2 quokkas
  A bat (D:2)
  2 frilled lizards
  5 rats
174 creatures vanquished.

Vanquished Creatures (others)
  A hound (D:7)
1 creature vanquished.

Grand Total: 175 creatures vanquished

Notes
Turn   | Place    | Note
-------+----------+-------------------------------------------
     0 | D:1      | Peloso the Minotaur Fighter began the quest for the Orb.
     0 | D:1      | Reached XP level 1. HP: 19/19 MP: 0/0
   142 | D:1      | Reached XP level 2. HP: 27/27 MP: 1/1
   794 | D:2      | Reached skill level 3 in Long Blades
   798 | D:2      | Reached XP level 3. HP: 33/33 MP: 2/2
   834 | D:2      | Found a bloodstained altar of Trog.
   886 | D:2      | Gained mutation: Your flesh is cold resistant. (rC+)
                  | [potion of mutation]
  1512 | D:3      | You fall into a shaft and drop 3 floors!
  1588 | D:6      | Found a bloodstained altar of Trog.
  1603 | D:6      | Reached XP level 4. HP: 40/40 MP: 3/3
  1638 | D:6      | Noticed a sky beast
  1663 | D:6      | Killed a sky beast
  1664 | D:6      | Reached skill level 4 in Long Blades
  1664 | D:6      | Reached skill level 1 in Dodging
  1664 | D:6      | Reached XP level 5. HP: 36/46 MP: 4/4
  1701 | D:6      | Identified the +4 chain mail "Fyty" {rPois rN+}
  1800 | D:6      | Reached skill level 5 in Armour
  1998 | D:6      | Found Hahadi's Vocational Training.
  2001 | D:5      | Entered Level 5 of the Dungeon
  2006 | D:5      | Noticed an ogre
  2018 | D:5      | Killed an ogre
  2019 | D:5      | Reached skill level 5 in Long Blades
  2019 | D:5      | Reached XP level 6. HP: 12/53 MP: 5/5
  2246 | D:5      | Reached skill level 1 in Shapeshifting
  2249 | D:5      | Reached skill level 6 in Long Blades
  2343 | D:5      | Reached XP level 7. HP: 46/60 MP: 6/6
  2672 | D:5      | Noticed Eustachio
  2723 | D:5      | Killed Eustachio
  2910 | D:5      | Noticed Edmund
  2932 | D:5      | Killed Edmund
  2933 | D:5      | Reached skill level 5 in Fighting
  2933 | D:5      | Reached skill level 5 in Shields
  2989 | D:5      | Found a white marble altar of Elyvilon.
  2990 | D:5      | Found an iron altar of Okawaru.
  2992 | D:5      | Found a sparkling altar of Nemelex Xobeh.
  2994 | D:5      | Found a broken altar of Ashenzari.
  2995 | D:5      | Found a shadowy altar of Dithmenos.
  2998 | D:5      | Became a worshipper of Warmaster Okawaru
  3185 | D:5      | Reached skill level 7 in Long Blades
  3185 | D:5      | Reached XP level 8. HP: 68/68 MP: 7/7
  3798 | D:4      | Found a radiant altar of Vehumet.
  4026 | D:4      | Found a staircase to the Ecumenical Temple.
  5693 | D:7      | Reached * piety under Okawaru
  5774 | D:7      | Reached skill level 8 in Long Blades
  5852 | D:7      | Noticed a hornet
  5864 | D:7      | HP: 3/70 [poisoned by a hornet]
  6078 | D:7      | Noticed Maggie
  6093 | D:7      | Killed Maggie
  6275 | D:7      | Reached XP level 9. HP: 67/75 MP: 8/8
  6407 | D:7      | Reached skill level 9 in Long Blades
  6924 | D:8      | Reached ** piety under Okawaru
  7472 | D:8      | Reached skill level 10 in Long Blades
  7972 | D:9      | Identified a scroll of acquirement
  8060 | D:9      | Noticed Erica
  8074 | D:9      | Killed Erica
  8074 | D:9      | Reached *** piety under Okawaru
  8075 | D:9      | Reached skill level 1 in Invocations
  8075 | D:9      | Reached XP level 10. HP: 57/86 MP: 7/9
  8729 | D:9      | Noticed a cyclops
  8737 | D:9      | Killed a cyclops
  8737 | D:9      | Reached **** piety under Okawaru
  8738 | D:9      | Reached skill level 11 in Long Blades
  9011 | D:10     | Entered Level 10 of the Dungeon
  9040 | D:10     | Noticed a death yak
  9041 | D:10     | Noticed a death yak
  9055 | D:10     | Noticed a death yak
  9070 | D:10     | Killed a death yak
  9072 | D:10     | HP: 2/88 [death yak (19)]
  9074 | D:10     | Slain by a death yak

Illustrated notes

Levels and vault maps discovered:
D:1:      dpeg_arrival_windows_large_door, layout_rooms, dreamdust_wishing_well,
          hangedman_decor_growths, minmay_indecisive_spiral
D:2:      cheibrodos_old_hovel, layout_basic, basic_altar,
          minmay_splitting_lines, minmay_heptomino_o4
D:3:      layout_basic
D:4:      layout_rooms, mainiacjoe_overflow_24_doors, temple_statues
D:5:      layout_basic, grunt_temple_overflow_open, uniq_edmund, uniq_eustachio
D:6:      layout_loops_cross, trog_hazing_becter, nicolae_shop_vocational
D:7:      layout_cave_pools, grunt_ogre_cave, uniq_maggie
D:8:      layout_basic
D:9:      layout_basic, serial_glass, glass_columns_b, glass_columns_b,
          uniq_erica
D:10:     layout_small_grid, dpeg_lair_monsters, serial_undead, serial_undead_b,
          serial_undead_a, serial_undead_d, serial_undead_b

Skill      XL: |  1  2  3  4  5  6  7  8  9 10 |
---------------+-------------------------------+-----
Long Blades    | 3 4 5 6 7 8 10 11 | 11.3
Armour         | 4 5 6 7 9 |  9.5
Shields        | 4 5 6 7 |  7.2
Fighting       | 4 5 6 7 8 |  8.0
Dodging        | 1 2 3 4 |  4.1
Shapeshifting  | 1 2 3 |  3.3
Invocations    | 1 |  1.1
Stealth        | |  0.7

Action                     |  1- 3 |  4- 6 |  7- 9 | 10-12 || total
---------------------------+-------+-------+-------+-------++-------
  Melee: Long sword        |    85 |    45 |       |       ||   130
         Headbutt          |     4 |     8 |    67 |    10 ||    89
         Scimitar          |       |    11 |   374 |    53 ||   438
 Invoke: Heroism           |       |       |     4 |       ||     4
    Use: Scroll            |     7 |       |     8 |     1 ||    16
         Potion            |     2 |     1 |     4 |     1 ||     8
 Armour: Scale mail        |    40 |       |       |       ||    40
         Chain mail        |    22 |    37 |   348 |    30 ||   437
  Dodge: Dodged            |    48 |    20 |   177 |    13 ||   258
  Block: Buckler           |    26 |    15 |   138 |    30 ||   209
         Reflection        |       |       |     2 |     1 ||     3
   Form: Beast             |     1 |       |       |       ||     1
